 Dungeon Crawl Stone Soup version 0.29-a0-459-g97dee8cd24 (webtiles) character file.

Game seed: 8745687291562358945

2454 runemasterragnar the Destroyer (level 9, 0/72 HPs)
             Began as a Black Draconian Conjurer on May 21, 2022.
             Was an Initiate of Vehumet.
             Incinerated by a deep elf pyromancer (7 damage)
             ... with a sticky flame
             ... on level 7 of the Dungeon.
             The game lasted 00:12:41 (6533 turns).

runemasterragnar the Destroyer (DrCj)               Turns: 6533, Time: 00:12:41

Health: 0/72       AC: 11    Str: 15    XL:     9   Next: 25%
Magic:  1/17       EV: 12    Int: 24    God:    Vehumet [......]
Gold:   235        SH:  0    Dex:  9    Spells: 16/19 levels left

rFire   . . .      SeeInvis .   v - +2 dagger (venom)
rCold   . . .      Faith    .   (no shield)
rNeg    . . .      Spirit   .   (body armour unavailable)
rPois   .          Reflect  .   (helmet restricted)
rElec   +          Harm     .   (no cloak)
rCorr   .          Rampage  .   (no gloves)
Will    .....                   (no boots)
Stlth   +.........              (no amulet)
HPRegen 0.22/turn               l - +4 ring of protection
MPRegen 0.15/turn               n - +6 ring of strength

@: on fire, short of breath, glowing
A: breathe lightning, AC +7, unfitting armour, electricity resistance,
cold-blooded
a: Breathe Lightning, Renounce Religion


You were on level 7 of the Dungeon.
You worshipped Vehumet.
Vehumet was noncommittal.
You visited 2 branches of the dungeon, and saw 8 of its levels.

You collected 235 gold pieces.

Inventory:

Hand Weapons
 c - a +1 dagger of draining
 v - a +2 dagger of venom (weapon)
Magical Staves
 A - a staff of death
Jewellery
 l - a +4 ring of protection (left hand)
 n - a +6 ring of strength (right hand)
 B - the ring of Vehumet's Grace {rPois Dex+2 Stlth+}
   (You took it off a centaur on level 7 of the Dungeon)

   [ring of poison resistance]

   Dex:       It affects your dexterity (+2).
   rPois:     It protects you from poison.
   Stlth:     It makes you more stealthy.
Wands
 b - a wand of iceblast (1)
 p - a wand of flame (14)
 x - a wand of charming (9)
Scrolls
 e - 4 scrolls of poison
 f - 2 scrolls of fear {unknown}
 g - a scroll of immolation {unknown}
 h - a scroll of noise {unknown}
 j - a scroll of enchant weapon {unknown}
 k - 5 scrolls of fog
 m - 2 scrolls of amnesia {unknown}
 o - 2 scrolls of teleportation {unknown}
 r - 2 scrolls of vulnerability {unknown}
 t - 2 scrolls of silence {unknown}
 w - a scroll of blinking {unknown}
 y - a scroll of identify
Potions
 a - 2 potions of magic
 d - a potion of cancellation
 i - a potion of flight
 q - a potion of brilliance
 s - a potion of haste
 u - 3 potions of curing
 z - a potion of resistance {unknown}


   Skills:
 + Level 4.4 Fighting
 + Level 4.2 Dodging
 - Level 1.7 Stealth
 * Level 5.8 Spellcasting
 - Level 10.0 Conjurations


You had 16 spell levels left.
You knew the following spells:

 Your Spells              Type           Power      Damage    Failure   Level
a - Magic Dart            Conj           100%       1d8       1%          1
b - Searing Ray           Conj           100%       2d8       1%          2

Your spell library contained the following spells:

 Spells                   Type           Power      Damage    Failure   Level
 Foxfire                  Conj/Fire      100%       2x1d9     1%          1
 Conjure Flame            Conj/Fire      31%        6-21      3%          3
 Dazzling Flash           Conj/Hex       62%        N/A       3%          3
 Mephitic Cloud           Conj/Pois/Air  23%        N/A       6%          3
 Beastly Appendage        Tmut           14%        N/A       9%          1
 Flame Wave               Conj/Fire      31%        2d8       10%         4
 Fulminant Prism          Conj/Hex       15%        3d11      10%         4
 Iskenderun's Mystic Bla  Conj/Tloc      31%        2d8       10%         4
 Ensorcelled Hibernation  Hex/Ice        14%        N/A       12%         2
 Passwall                 Tmut/Erth      5%         N/A       12%         2
 Sublimation of Blood     Necr           7%         N/A       12%         2
 Wereblood                Tmut           7%         N/A       12%         2
 Frozen Ramparts          Ice            14%        1d3       24%         3
 Ignite Poison            Fire/Tmut/Pois 7%         N/A       24%         3
 Inner Flame              Hex/Fire       7%         N/A       24%         3
 Spider Form              Tmut/Pois      7%         N/A       24%         3
 Swiftness                Air            7%         N/A       24%         3
 Irradiate                Conj/Tmut      15%        3d18      28%         5
 Freezing Cloud           Conj/Ice/Air   11%        6-21      50%         5
 Ice Form                 Ice/Tmut       7%         N/A       63%         4
 Petrify                  Tmut/Erth      7%         N/A       63%         4
 Summon Ice Beast         Ice/Summ       7%         N/A       63%         4


Dungeon Overview and Level Annotations

Branches:
Dungeon (7/15)             Temple (1/1) D:4

Altars:
Ashenzari
Cheibriados
Dithmenos
Elyvilon
Fedhas
Gozag
Hepliaklqana
Kikubaaqudgha
Makhleb
Okawaru
Qazlal
Ru
Sif Muna
Trog
Uskayaw
Vehumet
Wu Jian
Xom
Yredelemnul
Zin
The Shining One


Innate Abilities, Weirdness & Mutations

You can breathe wild blasts of lightning.
Your glossy black scales are hard. (AC +7)
You cannot fit into any form of body armour.
You are resistant to electric shocks. (rElec)
You are cold-blooded and may be slowed by cold attacks.


Message History

The searing ray hits the fire elemental!
The fire elemental is lightly damaged. (Press . to maintain the ray.)
You kill the sky beast!
Vehumet accepts your kill. The fire elemental hits you.
The fire elemental burns you!
The deep elf pyromancer mumbles some strange words.
Aiming: Iceblast
Press: ? - help, Shift-Dir - straight line, f - deep elf pyromancer
Aim: a deep elf pyromancer, wielding a +0 dagger (heavily wounded)
The mass of ice explodes!
The iceblast engulfs the deep elf pyromancer!
The deep elf pyromancer is severely wounded.
The iceblast engulfs the fire elemental!
The fire elemental is frozen!
The fire elemental is heavily damaged.
You hear a shout!
You hear an angry hiss.
The fire elemental hits you. The fire elemental burns you!
The fire elemental hits you. The fire elemental burns you!
* * * LOW HITPOINT WARNING * * *
The deep elf pyromancer points at you and mumbles some strange words.
The sticky flame hits you.
You are covered in liquid flames!
* * * LOW HITPOINT WARNING * * *
Unknown command.
Unknown command.
Unknown command.
Okay, then.
Okay, then.
Okay, then.
Aiming: Iceblast
Press: ? - help, Shift-Dir - straight line, f/p - deep elf pyromancer
Aim: a deep elf pyromancer, wielding a +0 dagger (severely wounded)
The mass of ice explodes!
The iceblast engulfs the deep elf pyromancer!
You kill the deep elf pyromancer!
Vehumet accepts your kill.
The fire elemental disappears in a puff of smoke! x3
You are covered in liquid flames!
You die...

#..#..# . ......# .. #.#.#.##
... #.#....######.# ....#####
#.#.........#.# o
........####............. ..
.....e................>#
...#######)#####§#.#.##.#.# #
..)))†..##.)°§)†@.........#.#
###.###......###§##..(....#.###
... ##.......#.##............
##.. ##....###.###......#####
##. ##...# #.###......# #Y
#...# #.##.......# ..
#.......##...##..# # .#
...#######...##..####### .#..#
#..............


There were no monsters in sight!

Vanquished Creatures
  2 deep elf pyromancers (D:7)
  Grinder (D:3)
  Sigmund (D:6)
  An acid dragon (D:7)
  An ice beast (D:3)
  A black bear (D:6)
  3 sky beasts (D:7)
  2 centaurs
  An ogre (D:4)
  A necrophage (D:6)
  2 bullfrogs (D:6)
  6 killer bees (D:7)
  A crimson imp (D:5)
  2 hounds
  3 jellies
  An orc priest (D:7)
  An orc wizard (D:5)
  An iguana (D:6)
  4 adders
  A gnoll (D:1)
  2 white imps
  2 ufetubi
  A worm (D:2)
  A dart slug (D:1)
  10 orcs
  6 endoplasms
  3 giant cockroaches
  9 goblins
  10 hobgoblins
  6 jackals
  4 kobolds
  A quokka (D:1)
  6 ball pythons
  9 bats
  3 frilled lizards
  4 rats
113 creatures vanquished.

Vanquished Creatures (others)
  49 plants (D:5)
49 creatures vanquished.

Grand Total: 162 creatures vanquished

Notes
Turn   | Place    | Note
-------+----------+-------------------------------------------
     0 | D:1      | runemasterragnar the Draconian Conjurer began the quest for
                  | the Orb.
     0 | D:1      | Reached XP level 1. HP: 14/14 MP: 3/3
   205 | D:1      | Reached XP level 2. HP: 20/20 MP: 0/5
   685 | D:1      | Reached skill level 5 in Conjurations
   688 | D:1      | Reached XP level 3. HP: 22/26 MP: 4/6
   764 | D:1      | Learned a level 2 spell: Searing Ray
  1916 | D:2      | Found a basalt altar of Yredelemnul.
  2067 | D:3      | Noticed an ice beast
  2106 | D:3      | Reached XP level 4. HP: 33/33 MP: 7/7
  2134 | D:3      | Killed an ice beast
  2135 | D:3      | Reached skill level 6 in Conjurations
  2135 | D:3      | Reached XP level 5. HP: 35/38 MP: 0/8
  2354 | D:3      | Noticed Grinder
  2359 | D:3      | Paralysed by Grinder for 5 turns
  2366 | D:3      | Killed Grinder
  2367 | D:3      | Reached skill level 7 in Conjurations
  2367 | D:3      | Reached XP level 6. HP: 5/45 MP: 0/9
  2939 | D:3      | Found a basalt altar of Yredelemnul.
  2939 | D:3      | Found a shimmering blue altar of Sif Muna.
  3343 | D:4      | Reached skill level 8 in Conjurations
  3525 | D:4      | Found a staircase to the Ecumenical Temple.
  3537 | Temple   | Entered the Ecumenical Temple
  3673 | D:4      | Found a hide-covered altar of Uskayaw.
  3704 | D:4      | You fall into a shaft and drop 1 floor!
  3704 | D:5      | Entered Level 5 of the Dungeon
  4039 | D:5      | Noticed an acid dragon
  4178 | D:5      | Your scales start taking on a glossy black colour.
  4178 | D:5      | Reached XP level 7. HP: 45/50 MP: 8/10
  4178 | D:5      | Gained mutation: You are resistant to electric shocks.
                  | (rElec) [Black Draconian growth]
  4227 | D:5      | Found a radiant altar of Vehumet.
  4229 | D:5      | Found a burning altar of Makhleb.
  4251 | D:5      | Became a worshipper of Vehumet
  4743 | D:6      | Reached skill level 9 in Conjurations
  5022 | D:6      | Noticed Sigmund
  5026 | D:6      | Killed Sigmund
  5027 | D:6      | Reached skill level 10 in Conjurations
  5285 | D:6      | Reached XP level 8. HP: 58/58 MP: 3/11
  5368 | D:6      | Reached skill level 1 in Fighting
  5924 | D:6      | Found a glowing silver altar of Zin.
  5924 | D:6      | Found a glowing golden altar of the Shining One.
  5924 | D:6      | Found a white marble altar of Elyvilon.
  6489 | D:7      | Identified the ring of Vehumet's Grace {rPois Dex+2 Stlth+}
  6505 | D:7      | Reached skill level 5 in Spellcasting
  6505 | D:7      | Noticed a deep elf pyromancer
  6510 | D:7      | Killed a deep elf pyromancer
  6510 | D:7      | Noticed a deep elf pyromancer
  6511 | D:7      | Reached XP level 9. HP: 42/71 MP: 3/17
  6533 | D:7      | Killed a deep elf pyromancer
  6533 | D:7      | Incinerated by a deep elf pyromancer

Illustrated notes

Levels and vault maps discovered:
D:1:      tarquinn_simple_flora_water_d, layout_loops_corners, st_stairs_11
D:2:      layout_rooms, basic_altar, minmay_misc_feat_five
D:3:      layout_basic, amethyst_overflow_temple_binary, serial_shops, shop,
          kennysheep_generic_room_2, uniq_grinder
D:4:      layout_loops_ring, eat_drink_and_be_merry_uskayaw,
          minmay_temple_entry_trees
D:5:      layout_cave_pools, grunt_temple_overflow_lords_of_destruction,
          serial_bayou, serial_bayou_pond_b, serial_bayou_pond_e,
          serial_bayou_lagoon_a, serial_bayou_pond_d
D:6:      layout_layer_cave, good_gods_mini_temple, dk_noncrumbling_4,
          nicolae_fountain_basement, uniq_sigmund
D:7:      minmay_the_grid_octo_triangle [minmay_the_grid_octo_clover_2,
          minmay_the_grid_octo_prize_square_snowflake,
          minmay_the_grid_octo_fan_narrow], layout_basic, lemuel_round_altar,
          serial_shops, shop
Temple:   dshaligram_water_room_temple

Skill      XL: |  1  2  3  4  5  6  7  8 |
---------------+-------------------------+-----
Conjurations   | 5 6 7 8 10 | 10.0
Dodging        | 2 4 |  4.2
Fighting       | 4 |  4.4
Spellcasting   | 5 |  5.8
Stealth        | |  1.7

Action                   |  1- 3 |  4- 6 |  7- 9 || total
-------------------------+-------+-------+-------++-------
Melee: Dagger            |    84 |    43 |    34 ||   161
       Tailslap          |     9 |     4 |     1 ||    14
 Cast: Magic Dart        |    47 |    22 |    34 ||   103
       Searing Ray       |     1 |     9 |    19 ||    29
 Abil: Breathe Lightning |       |       |     9 ||     9
Evoke: Wand              |       |     1 |     8 ||     9
  Use: Potion            |       |     2 |       ||     2
       Scroll            |       |     5 |     1 ||     6
 Stab: Sleeping          |       |     2 |       ||     2
Armor: Skin              |    20 |    24 |    32 ||    76
Dodge: Dodged            |    44 |    29 |    47 ||   120

Table legend: (Time is in decaauts)
 A = Elapsed time spent in this place.
 B = Non-inter-level travel time spent in this place.
 C = Inter-level travel time spent in this place.
 D = Time resting spent in this place.
 E = Time spent auto-exploring this place.
 F = Levels seen in this place.
 G = Mean time per level.
                   A        B        C        D        E       F      G
               +--------+--------+--------+--------+--------+-----+--------+
         Total |   6532 |   6375 |    157 |    797 |   4706 |   8 |  816.5 |
       Dungeon |   6400 |   6266 |    134 |    797 |   4606 |   7 |  914.3 |
        Temple |    132 |    109 |     23 |      0 |    100 |   1 |  132.0 |
               +--------+--------+--------+--------+--------+-----+--------+

Top non-repeatable levels by time:
     D:1: 1334 daAuts
     D:6: 1236 daAuts
     D:3: 1121 daAuts
     D:4: 1075 daAuts
     D:2: 693 daAuts
     D:5: 494 daAuts
     D:7: 445 daAuts
  Temple: 132 daAuts
